Map: Star Crafts Mod

Players

Yamapickle - Winner!

  • Race: Zerg Zerg
  • League: Diamond
  • Spawn Location: 3:00

Escape

  • Race: Protoss Protoss
  • League: Diamond
  • Spawn Location: 6:00

VOD

Have the link to the VOD?

Description

Time

  • Played on: Dec. 12, 2017, 7:33 p.m.
  • Length: 8:14
Show
View Real Time Build Order
Export as new Build Order

Yamapickle Zerg - Winner!

Build Orders: Hatch First 

Get SALT Encoding   

  12  0:01  Drone  
  13  0:14  Overlord  
  13  0:19  Drone  
  14  0:39  Drone x3  
  17  0:55  Hatchery  
  16  0:59  Drone  
  16  1:01  Drone  
  18  1:04  Extractor  
  17  1:19  Spawning Pool  
  17  1:24  Drone  
  17  1:25  Drone  
  18  1:37  Drone  
  19  1:51  Overlord  
  19  2:08  Queen x2  
  19  2:09  Zergling x6  
  26  2:23  Drone x2  
  26  2:28  Drone  
  29  2:39  Overlord x2  
  29  2:56  Drone x2  
  31  2:59  Drone x2  
  31  3:02  Hatchery  
  31  3:12  Drone x3  
  34  3:18  Lair  
  34  3:24  Drone x3  
  37  3:34  Drone x4  
  41  3:45  Zergling x6  
  30  4:03  Zergling x6  
  30  4:09  Queen  
  32  4:29  Zergling x4  
  28  4:46  Drone x3  
  31  4:53  Zergling x6  
  33  5:02  Zergling x4  
  33  5:03  Zergling x2  
  35  5:11  Zergling x6  
  35  5:12  Zergling x2  
  34  5:25  Roach Warren  
  34  5:27  Spine Crawler  
  31  5:30  Zergling x4  
  31  5:45  Zergling x12  
  36  5:53  Zergling x6  
  35  6:08  Zergling x8  
  35  6:09  Zergling x4  
  40  6:21  Spine Crawler  
  40  6:24  Spine Crawler  
  38  6:40  Zergling x12  
  43  6:49  Queen  
  44  7:03  Zergling x8  
  44  7:16  Roach x2  
  48  7:26  Roach x2  
  50  7:32  Queen  
  50  7:34  Evolution Chamber  
  50  7:35  Overlord  
  47  7:48  Roach x2  
Show
View Real Time Build Order
Export as new Build Order

Escape Protoss 

Build Orders:  

Get SALT Encoding   

  12  0:08  Probe  
  13  0:20  Probe  
  14  0:32  Pylon  
  14  0:33  Probe  
  15  0:50  Probe  
  15  0:56  Gateway  
  16  0:57  Gateway  
  16  1:02  Probe  
  17  1:05  Assimilator  
  17  1:14  Probe  
  18  1:26  Probe  
  19  1:47  Pylon  
  19  1:51  Pylon  
  19  1:55  Nexus  
  19  1:56  Zealot (Chrono Boost)  
  23  2:07  Zealot (Chrono Boost)  
  23  2:11  Cybernetics Core  
  23  2:19  Zealot (Chrono Boost)  
  25  2:30  Zealot (Chrono Boost)  
  29  2:44  Pylon  
  29  2:45  Zealot (Chrono Boost)  
  29  2:49  Zealot  
  31  2:55  Warp Gate  
  31  3:03  Zealot (Chrono Boost)  
  33  3:12  Shield Battery  
  33  3:14  Shield Battery  
  33  3:17  Shield Battery  
  32  3:43  Pylon  
  25  4:22  Zealot  
  26  4:54  Zealot  
  25  5:57  Adept  
  27  6:06  Shield Battery  
  27  6:20  Adept  
  29  6:35  Adept  
  31  7:02  Probe (Chrono Boost)  
  30  7:30  Probe (Chrono Boost)  
  31  7:49  Probe  
Tags
 
Add a new tag
Caveats
  • Supply blocks, unpowered buildings, or Contaminate may cause inaccurate times.
  • Supply counts are checked every 10 seconds.